 Dungeon Crawl Stone Soup version 0.31-a0-233-g139696dc86 (webtiles) character file.

Game seed: 14732423105938682575

67 qw the Shooter (level 4, -5/27 HPs)
             Began as a Gargoyle Hexslinger on July 8, 2023.
             Slain by a worm (8 damage)
             ... on level 2 of the Dungeon.
             The game lasted 00:00:22 (891 turns).

qw the Shooter (Gargoyle Hexslinger)                 Turns: 891, Time: 00:00:22

Health: -5/27      AC:  5    Str: 11    XL:     4   Next: 18%
Magic:  5/5        EV: 12    Int: 14    God:
Gold:   41         SH:  0    Dex: 14    Spells: 4/5 levels left

rFire   . . .        e - +1 sling (heavy)
rCold   . . .        (no shield)
rNeg    + . .        c - +0 robe
rPois   inf          (no helmet)
rElec   +            (no cloak)
rCorr   .            (no gloves)
SInv    .            (no boots)
Will    .....        (no amulet)
Stlth   +            (no ring)
HPRegen 0.24/turn    (no ring)
MPRegen 0.09/turn

%: no passive effects
@: no status effects
A: sickness immunity, AC +3, negative energy resistance 1, electricity
resistance, torment resistance 1, petrification resistance
a: no special abilities


You were on level 2 of the Dungeon.
You visited 1 branch of the dungeon, and saw 2 of its levels.

You collected 41 gold pieces.


Innate Abilities, Weirdness & Mutations

You are immune to sickness and miasma.
Your stone body is resilient. (AC +3)
You are immune to poison.
You resist negative energy. (rN+)
You are resistant to electric shocks. (rElec)
You are resistant to unholy torment.
You are immune to petrification.


   Skills:
 - Level 2.9 Fighting
 + Level 3.4 Ranged Weapons
 - Level 1.5 Dodging
 - Level 1.0 Spellcasting
 - Level 2.6 Hexes


You had 4 spell levels left.
You knew the following spells:

 Your Spells              Type           Power      Damage    Failure   Level
a - Slow                  Hex            32%        N/A       9%          1

Your spell library contained the following spells:

 Spells                   Type           Power      Damage    Failure   Level
 Inner Flame              Hex/Fire       4%         N/A       41%         3
 Portal Projectile        Hex/Tloc       8%         N/A       41%         3
 Cause Fear               Hex            4%         N/A       65%         4

Inventory:

Hand Weapons
 e - a +1 heavy sling (weapon)
Armour
 a - a +0 leather armour
 c - a +0 robe (worn)
Scrolls
 d - a scroll of fear {unknown}
 f - a scroll of identify
Potions
 b - a potion of mutation {unknown}
 g - a potion of berserk rage {unknown}
 h - a potion of ambrosia {unknown}

Dungeon Overview and Level Annotations

Branches:
Dungeon (2/15)

Altars:


Message History

You kill the adder!
You shoot a sling bullet.
The sling bullet completely misses the worm.
The worm closely misses you.
You shoot a sling bullet. The sling bullet hits the worm!
The worm is heavily wounded.
The worm bites you but does no damage.
You shoot a sling bullet. The sling bullet hits the worm.
The worm is heavily wounded.
The worm barely misses you. The worm misses you.
You shoot a sling bullet. The sling bullet hits the worm.
The worm is heavily wounded.
The worm closely misses you.
You shoot a sling bullet.
The sling bullet hits the worm but does no damage.
The worm is moderately wounded.
The worm bites you!
You shoot a sling bullet.
The sling bullet barely misses the worm.
The worm bites you.
You shoot a sling bullet. The sling bullet hits the worm.
The worm is heavily wounded.
The worm bites you but does no damage.
You shoot a sling bullet.
The sling bullet hits the worm but does no damage.
The worm is heavily wounded.
The worm closely misses you.
You shoot a sling bullet. The sling bullet hits the worm.
The worm is severely wounded.
The worm bites you!
You shoot a sling bullet.
The sling bullet barely misses the worm.
A goblin comes into view. It is wielding a +0 club.
The worm barely misses you.
You shoot a sling bullet. The goblin shouts!
The sling bullet hits the worm.
The worm is severely wounded.
The worm bites you!
You die...

...#.# ...... #.. ..<..
..... .... #..# ....
...g .... ... #... ...
.... #.# #... ..
....####.# #...#.
.......#####..w#
####[##..##<####@######
......................#
.........##.###########
#..#.######.#
#..#.######.### ###
...#.##.......#
######.#
#....####.#.#.#
#......#
#)%###......#.#
#.####.#
............#.#
#.####.##


You could see a worm and a goblin.

Vanquished Creatures
  Natasha (D:2)
  2 adders (D:2)
  An endoplasm (D:1)
  3 giant cockroaches (D:1)
  3 goblins
  A hobgoblin (D:1)
  2 kobolds (D:2)
  2 ball pythons (D:1)
  6 bats
  2 frilled lizards (D:1)
  2 rats
25 creatures vanquished.

Notes
Turn   | Place    | Note
-------+----------+-------------------------------------------
     0 | D:1      | qw the Gargoyle Hexslinger began the quest for the Orb.
     0 | D:1      | Reached XP level 1. HP: 12/12 MP: 2/2
     0 | D:1      | 0 ||| qw: Version: 0.3-a-46-gb1f654a
     0 | D:1      | 0 ||| qw: Game counter: 3414
     0 | D:1      | 0 ||| qw: Melee chars always use a shield: true
     0 | D:1      | 0 ||| qw: God list: Okawaru
     0 | D:1      | 0 ||| qw: Allow faded altars: false
     0 | D:1      | 0 ||| qw: Do Orc after clearing Dungeon:15 true
     0 | D:1      | 0 ||| qw: Do second Lair branch before Depths: true
     0 | D:1      | 0 ||| qw: Lair rune preference: random
     0 | D:1      | 0 ||| qw: Goals: Normal
     0 | D:1      | 0 ||| PLANNING D:1-11
   160 | D:1      | Reached XP level 2. HP: 16/16 MP: 3/3
   311 | D:1      | Reached skill level 3 in Ranged Weapons
   581 | D:1      | 581 ||| READING scroll labelled VOHUKHL PADDYPP.
   582 | D:1      | 582 ||| READING 2 scrolls labelled GEIB SOETT.
   583 | D:1      | 583 ||| READING scroll labelled QAC HERAMUBULEI.
   584 | D:1      | 584 ||| DROPPING scroll of poison.
   729 | D:2      | Noticed Natasha
   732 | D:2      | HP: 3/17 [Natasha (2)]
   733 | D:2      | Killed Natasha
   734 | D:2      | Reached XP level 3. HP: 4/22 MP: 4/4
   879 | D:2      | Reached XP level 4. HP: 23/27 MP: 5/5
   889 | D:2      | HP: 2/27 [worm (7)]
   891 | D:2      | Slain by a worm

Levels and vault maps discovered:
D:1:      psy_arrival_heroes, layout_basic
D:2:      layout_basic, minmay_distorted, uniq_natasha

Skill      XL: |  1  2 |
---------------+-------+-----
Ranged Weapons | 3 |  3.4
Fighting       | 2 |  2.9
Dodging        | |  1.5
Spellcasting   | |  1.0
Hexes          | |  2.6

Action                     |  1- 3 |  4- 6 || total
---------------------------+-------+-------++-------
   Fire: Sling             |    88 |    13 ||   101
    Use: Scroll            |     3 |       ||     3
 Armour: Robe              |    22 |     2 ||    24
  Dodge: Dodged            |    44 |     7 ||    51

Table legend:
 A = Non-vault XP
 B = Vault XP
 C = Vault XP percentage of total XP
 D = Non-vault monster count
 E = Vault monster count
 F = Vault count percentage of total count
                 A         B        C        D         E       F
            +---------+---------+-------+---------+---------+-------
      Total |      61 |      36 |  37.1 |      24 |       1 |   4.0
            +---------+---------+-------+---------+---------+-------
        D:1 |      25 |       0 |   0.0 |      16 |       0 |   0.0
        D:2 |      36 |      36 |  50.0 |       8 |       1 |  11.1
            +---------+---------+-------+---------+---------+-------
